 Dungeon Crawl Stone Soup version 0.20.0-10-g0535bb4 (webtiles) character file.

66992 kuniqs the Fighter (level 15, -6/83 HPs)
             Began as a Vine Stalker Fighter on June 6, 2017.
             Was a Believer of Uskayaw.
             Mangled by a merfolk impaler
             ... wielding a +0 demon trident
              (10 damage)
             ... while paralysed
             ... on level 1 of the Shoals on June 7, 2017.
             The game lasted 00:40:00 (20241 turns).

kuniqs the Fighter (Vine Stalker Fighter)          Turns: 20241, Time: 00:40:01

Health: -6/83      AC: 16    Str: 18 (21) XL:     15   Next: 21%
Magic:  0/25       EV:  2    Int:  0 (4)  God:    Uskayaw [**....]
Gold:   1442       SH:  0    Dex: 15 (16) Spells: 14/14 levels left

rFire    + . .     SeeInvis +   c - +4 rapier (elec)
rCold    . . .     Gourm    .   M - +2 shield {rF+}
rNeg     . . .     Faith    .   A - +1 scale mail "Ytidutsa" {rPois Regen+}
rPois    +         Spirit   +   D - +0 helmet
rElec    .         Reflect  +   (no cloak)
rCorr    .         Harm     .   N - +0 pair of gloves
MR       +....     Rnd*Tele +   O - +2 pair of boots
Stlth    ..........             v - +3 amulet of reflection
Regen    1.5/turn               (no ring)
MPRegen  0.2/turn               h - ring of magical power

@: paralysed, no scrolls, slowed, lost intelligence
A: fangs 3, see invisible, deterioration 1, dopey 2, low mp 1, regeneration 2,
teleportitis 1, weak 1, wild magic 1, magic shield, antimagic bite, no potion
heal 3, rot immunity, inability to read while threatened, no ice magic, no
necromancy magic, no translocations magic, inexperienced 1, missing an eye
a: Stomp, Line Pass, Renounce Religion


You were on level 1 of the Shoals.
You worshipped Uskayaw.
Uskayaw was noncommittal.
You were not hungry.

You visited 5 branches of the dungeon, and saw 24 of its levels.
You also visited: Sewer and Volcano.

You collected 1953 gold pieces.
You spent 511 gold pieces at shops.

Inventory:

Hand Weapons
 c - a +4 rapier of electrocution (weapon)
Missiles
 P - a throwing net (quivered)
Armour
 A - the +1 scale mail "Ytidutsa" (worn) {rPois Regen+}
   (You bought it in a shop on level 2 of the Orcish Mines)

   It protects you from poison.
   It increases your rate of regeneration.
 D - a +0 helmet (worn)
 M - a +2 shield of fire resistance (worn)
 N - a +0 pair of gloves (worn)
 O - a +2 pair of boots (worn)
 W - a +0 plate armour of fire resistance
Jewellery
 h - a ring of magical power (right hand)
 v - a +3 amulet of reflection (around neck)
 F - an uncursed ring of ice
 H - an uncursed ring of positive energy
Wands
 k - a wand of paralysis (10/24)
 Q - a wand of lightning (4/15)
 S - a wand of scattershot (5/9)
 V - a wand of confusion (27/48)
Scrolls
 g - 7 scrolls of fog
 m - 2 scrolls of fear
 n - 4 scrolls of immolation
 p - 3 scrolls of magic mapping
 q - 3 scrolls of identify {@r1}
 r - 5 scrolls of blinking
 s - 8 scrolls of remove curse {@r2}
 t - a scroll of silence {unknown}
 u - 5 scrolls of teleportation
 w - 4 scrolls of enchant armour
 x - 2 scrolls of summoning {unknown}
 y - a scroll of noise {unknown}
 J - 6 scrolls of recharging
Potions
 a - 2 potions of invisibility
 i - a potion of cancellation
 j - 5 potions of berserk rage
 l - 9 potions of curing {@q1}
 o - 3 potions of agility
 G - 2 potions of resistance
 I - 3 potions of flight
 K - 3 potions of haste
 U - 7 potions of might
Miscellaneous
 b - a lightning rod (4/4)
 T - a box of beasts
Comestibles
 d - 9 bread rations
 e - 5 meat rations
 f - 36 fruits
 z - 9 chunks of flesh
 C - 2 royal jellies


   Skills:
 + Level 11.5 Fighting
 + Level 11.5 Short Blades
 + Level 10.7 Armour
 + Level 10.3 Dodging
 + Level 11.2 Shields
 + Level 3.0 Invocations


You had 14 spell levels left.
You didn't know any spells.

Dungeon Overview and Level Annotations

Branches:
Dungeon (14/15)            Temple (1/1) D:4            Lair (6/6) D:8
 Shoals (1/4) Lair:2        Snake (0/4) Lair:2        Slime (0/5) Lair:6
    Orc (2/2) D:11            Elf (0/3) Orc:2
 Vaults: D:13-14

Altars:
Ashenzari
Cheibriados
Dithmenos
Elyvilon
Fedhas
Gozag
Hepliaklqana
Kikubaaqudgha
Makhleb
Nemelex Xobeh
Okawaru
Qazlal
Ru
Sif Muna
Trog
Uskayaw
Vehumet
Xom
Yredelemnul
Zin
The Shining One
Beogh
Jiyva

Shops:
D:10 ([[   Orc:2 ([:(*

Annotations:
D:4 Grinder
D:12 Inarius's ghost, journeyman DrAE
Lair:2 exclusion: ice statue
Lair:4 exclusion: oklob plant
Lair:6 exclusion: 4 oklob plants


Innate Abilities, Weirdness & Mutations

You have razor-sharp teeth.
You are very dopey. (Int -4)
You heal very quickly.
You are weak. (Str -2)
When hurt, damage is shared between your health and your magic reserves.
Your bite disrupts and absorbs the magic of your enemies.
Potions cannot restore your health.
You are immune to rotting.
You cannot read scrolls while threatened.
You cannot study or cast Ice magic.
You cannot study or cast Necromancy magic.
You cannot study or cast Translocations magic.
You are somewhat inexperienced. (-2 XL)
You are missing an eye, making it more difficult to aim.
You have supernaturally acute eyesight. (SInv)
Your body sometimes deteriorates upon taking damage.
Your magical capacity is low. (-10% MP)
You are occasionally teleported next to monsters.
Your spells are a little harder to cast, but a little more powerful.


Message History

The sea snake is severely wounded.
The sea snake bites you!
You feel threatened and lose the ability to read scrolls!
The merfolk impaler hits you but does no damage.
The sea snake bites you!
You miss the sea snake.
The sea snake is severely wounded.
You block the merfolk's attack. The sea snake bites you!!
The merfolk hits you from afar with a halberd!!
* * * LOW HITPOINT WARNING * * *
Your body deteriorates!
You feel dopey.
You have lost your intelligence.
The merfolk impaler hits you from afar with a demon trident!
* * * LOW HITPOINT WARNING * * *
The sea snake bites you.
* * * LOW HITPOINT WARNING * * *
The sea snake bites you but does no damage.
The merfolk hits you from afar with a halberd.
* * * LOW HITPOINT WARNING * * *
The merfolk impaler hits you from afar with a demon trident!
You die...

≈≈≈≈≈≈≈≈≈≈≈≈≈≈≈≈..#....≈≈≈≈≈≈
≈≈..≈≈≈≈≈≈≈≈≈≈.........≈≈≈..
≈≈≈≈≈≈≈..........≈≈≈.
≈≈≈≈≈..≈≈≈........≈.
≈≈≈≈..≈≈≈≈≈≈.###..
≈≈≈.....≈≈≈.###
.....≈..≈≈≈≈...
..≈≈≈m.≈S≈....#
≈≈≈≈mm.@S≈...?.
.....m...≈≈....
.........≈≈≈≈..
##.≈......≈....
.......≈.......
.....##........ ...##
##....... ... #######


You could see a merfolk impaler, 2 sea snakes and 3 merfolk.

Vanquished Creatures
  An orc warlord (Orc:2)
  Nessos (Lair:6)
  Snorg (Lair:4)
  An ettin (Orc:1)
  Erolcha (D:10)
  An ice dragon (Lair:2)
  5 hydras
  5 two-headed ogres
  An orc high priest (Orc:2)
  A hell knight (Volcano)
  An unseen horror (D:10)
  The ghost of Soyweiser the Spear-Bearer, a novice MfSk of Dithmenos (D:8)
  4 orc knights
  Pikel (D:8)
  A manticore (D:11)
  An ugly thing (D:10)
  3 fauns (Shoals:1)
  2 orc sorcerers (Orc:2)
  18 elephants
  3 cyclopes
  3 black mambas
  A merfolk siren (Shoals:1)
  Joseph (D:9)
  2 water nymphs (Shoals:1)
  28 spiny frogs
  3 centaur skeletons
  A torpor snail (Lair:5)
  A smoke demon (Volcano)
  A rime drake (Lair:5)
  11 komodo dragons
  4 red devils (Volcano)
  A merfolk (Shoals:1)
  A polar bear (Lair:6)
  2 trolls
  A wind drake (Shoals:1)
  10 blink frogs
  5 slime creatures (D:12)
  3 tyrant leeches (Lair:6)
  8 hippogriffs
  4 dream sheep (Lair:5)
  A spriggan (Lair:1)
  Sigmund (D:2)
  A water elemental (Shoals:1)
  2 vampires
  4 wyverns
  2 wraiths
  A basilisk (Lair:4)
  42 yaks
  The ghost of herpmino the Skirmisher, an amateur BaAr (D:3)
  9 vampire mosquitoes
  3 fire bats (Lair:1)
  4 wargs
  21 water moccasins
  12 porcupines
  A hell hound (Volcano)
  3 sky beasts
  A black bear (Lair:2)
  28 orc warriors
  2 slaves (D:8)
  4 ice beasts
  6 phantoms
  A necrophage (D:7)
  14 ogres
  6 centaurs
  26 wolves
  14 crocodiles
  7 big kobolds
  Blork the orc (D:6)
  24 bullfrogs
  A gnoll sergeant (D:11)
  3 scorpions
  A troll zombie (D:11)
  4 killer bees (D:8)
  8 wights
  3 electric eels (Lair:6)
  10 crimson imps
  5 howler monkeys
  A bullfrog zombie (D:12)
  6 jellies
  11 orc priests
  25 orc wizards
  A gnoll shaman (D:7)
  5 hounds
  3 bullfrog skeletons
  2 iguanas
  10 worker ants
  A killer bee zombie (D:10)
  5 ogre zombies (D:11)
  A hound skeleton (D:9)
  A howler monkey zombie (D:6)
  17 gnolls
  A howler monkey skeleton (D:8)
  10 adders
  A river rat (Sewer)
  3 shadow imps
  2 white imps (Lair:2)
  19 oozes
  2 adder zombies
  6 worms
  2 dart slugs
  7 leopard geckos
  69 orcs
  9 ball pythons
  6 giant cockroaches
  7 hobgoblins
  3 jackals (D:3)
  4 quokkas
  2 bats
  2 frilled lizards (D:1)
  4 goblins
  A goblin skeleton (D:11)
  A goblin zombie (D:11)
  2 hobgoblin skeletons (D:11)
  2 hobgoblin zombies (D:11)
  A jackal zombie (D:6)
  26 kobolds
  An orc skeleton (D:11)
  12 orc zombies (D:11)
  10 rats
  A bush (Lair:6)
  20 plants (Lair:6)
746 creatures vanquished.

Vanquished Creatures (others)
  A hydra (Lair:2)
  A black mamba (Lair:1)
  A gargoyle (D:10)
  3 blink frogs (Lair:6)
  A porcupine (Lair:5)
  An ogre (D:8)
  A crimson imp (D:8)
  A worker ant (D:8)
  A white imp (Lair:2)
  A ball python (Lair:2)
  A kobold (D:12)
  A leopard gecko skeleton (D:8)
  A bush (Lair:1)
  34 fungi
  39 plants
  8 toadstools (D:4)
96 creatures vanquished.

Grand Total: 842 creatures vanquished

Notes
Turn   | Place    | Note
-------+----------+-------------------------------------------
     0 | D:1      | kuniqs the Vine Stalker Fighter began the quest for the Orb.
     0 | D:1      | Reached XP level 1. HP: 11/11 MP: 2/2
   178 | D:1      | Reached XP level 2. HP: 6/16 MP: 3/3
   836 | D:1      | Reached XP level 3. HP: 14/19 MP: 4/4
  1045 | D:2      | Found a basalt altar of Yredelemnul.
  1163 | D:2      | Gained mutation: Your natural rate of healing is unusually fast. [Vine Stalker growth]
  1163 | D:2      | Reached XP level 4. HP: 24/24 MP: 5/5
  1234 | D:2      | Noticed Sigmund
  1244 | D:2      | Killed Sigmund
  1244 | D:2      | Reached skill level 1 in Dodging
  1244 | D:2      | Reached XP level 5. HP: 21/28 MP: 4/6
  1411 | D:3      | Reached XP level 6. HP: 32/32 MP: 7/7
  1439 | D:3      | Found an opulent altar of Gozag.
  1580 | D:3      | Noticed herpmino's ghost (amateur BaAr)
  1650 | D:3      | Killed herpmino's ghost
  1806 | D:3      | Found a glowing drain.
  1810 | Sewer    | Entered a sewer
  1876 | Sewer    | Reached XP level 7. HP: 29/37 MP: 6/8
  2658 | D:4      | Gained mutation: You have razor-sharp teeth. [Vine Stalker growth]
  2658 | D:4      | Reached XP level 8. HP: 41/42 MP: 9/9
  2760 | D:4      | Found a staircase to the Ecumenical Temple.
  2769 | Temple   | Entered the Ecumenical Temple
  3121 | D:4      | Noticed Grinder
  3265 | D:5      | Entered Level 5 of the Dungeon
  3461 | D:5      | Found a basalt altar of Yredelemnul.
  3498 | D:5      | Reached skill level 5 in Fighting
  3626 | D:5      | Reached skill level 5 in Shields
  3844 | D:5      | Reached XP level 9. HP: 28/47 MP: 10/10
  4053 | D:6      | Reached skill level 5 in Armour
  4083 | D:6      | Found a burning altar of Makhleb.
  4083 | D:6      | Found a glowing silver altar of Zin.
  4084 | D:6      | Noticed an angel
  4084 | D:6      | Noticed a green death
  4299 | D:6      | Reached skill level 5 in Short Blades
  4721 | D:6      | Noticed Blork the orc
  4729 | D:6      | Killed Blork the orc
  5839 | D:7      | Reached skill level 5 in Dodging
  5839 | D:7      | Reached XP level 10. HP: 53/53 MP: 11/11
  5980 | D:8      | Noticed Soyweiser's ghost (novice MfSk)
  6033 | D:8      | Killed Soyweiser's ghost
  6036 | D:8      | Noticed Pikel
  6071 | D:8      | Killed Pikel
  6085 | D:8      | Found a staircase to the Lair.
  6177 | D:8      | Found a sacrificial altar of Ru.
  6184 | D:8      | Found an ancient bone altar of Kikubaaqudgha.
  6190 | D:8      | Became a worshipper of Ru the Awakened
  6802 | D:9      | Noticed Joseph
  6817 | D:9      | Killed Joseph
  6837 | D:9      | Found a hazy altar of Hepliaklqana.
  7071 | D:9      | Reached XP level 11. HP: 56/58 MP: 12/12
  7123 | D:9      | Found a radiant altar of Vehumet.
  7354 | D:10     | Entered Level 10 of the Dungeon
  7379 | D:10     | Found Cimeet's Armour Emporium.
  7404 | D:10     | Gained mutation: You are missing an eye, making it more difficult to aim. [Ru sacrifice]
  7404 | D:10     | Reached * piety under Ru
  7588 | D:10     | Noticed a white ugly thing
  7609 | D:10     | Killed a white ugly thing
  7943 | D:10     | Found Cofud's Antique Armour Boutique.
  7954 | D:10     | Bought a glowing helmet for 187 gold pieces
  8151 | D:10     | Noticed Erolcha
  8177 | D:10     | Killed Erolcha
  8257 | D:10     | Killed an unseen horror
  8404 | D:10     | Found Vorogusk's Weapon Shop.
  8716 | D:11     | Found a staircase to the Orcish Mines.
  8997 | D:11     | Gained mutation: You are somewhat inexperienced. (-2 XL) [Ru sacrifice]
  8997 | D:11     | Reached XP level 10. HP: 56/56 MP: 20/20
  8997 | D:11     | Reached XP level 9. HP: 52/52 MP: 19/19
  8997 | D:11     | Reached ** piety under Ru
  8997 | D:11     | Reached *** piety under Ru
  9044 | D:11     | Noticed a two-headed ogre
  9059 | D:11     | Killed a two-headed ogre
  9059 | D:11     | Reached XP level 10. HP: 27/57 MP: 11/11
  9129 | D:11     | Noticed a two-headed ogre
  9144 | D:11     | Killed a two-headed ogre
  9409 | D:11     | Noticed a manticore
  9427 | D:11     | Killed a manticore
  9775 | D:11     | Reached XP level 11. HP: 60/60 MP: 12/12
  9815 | D:11     | Noticed a cyclops
  9815 | D:11     | Noticed a cyclops
  9850 | D:11     | Killed a cyclops
  9864 | D:11     | Killed a cyclops
 10215 | D:12     | Noticed a two-headed ogre
 10229 | D:12     | Killed a two-headed ogre
 10272 | D:12     | Noticed a two-headed ogre
 10279 | D:12     | Killed a two-headed ogre
 10622 | Lair:1   | Entered Level 1 of the Lair of Beasts
 10739 | Lair:1   | Gained mutation: You cannot study or cast Ice magic. [Ru sacrifice]
 10739 | Lair:1   | Gained mutation: You cannot study or cast Necromancy magic. [Ru sacrifice]
 10739 | Lair:1   | Gained mutation: You cannot study or cast Translocations magic. [Ru sacrifice]
 10739 | Lair:1   | Reached **** piety under Ru
 11005 | Lair:1   | Found a dark tunnel.
 11045 | Volcano  | Entered a volcano
 11115 | Volcano  | Noticed a hell knight
 11139 | Volcano  | Killed a hell knight
 11139 | Volcano  | Gained mutation: You heal very quickly. [Vine Stalker growth]
 11139 | Volcano  | Reached XP level 12. HP: 21/66 MP: 13/13
 12420 | Lair:2   | Identified the +0 leather armour of Lugonu's Envy {rC+ Str+3} (You found it on level 2 of the Lair of Beasts)
 12522 | Lair:2   | Found a staircase to the Shoals.
 12523 | Lair:2   | Gained mutation: You are occasionally teleported next to monsters. [potion of mutation]
 12523 | Lair:2   | Gained mutation: You are frail. (-10% HP) [potion of mutation]
 12523 | Lair:2   | Gained mutation: You have supernaturally acute eyesight. (SInv) [potion of mutation]
 12523 | Lair:2   | Gained mutation: Your flesh is heat resistant. (rF+) [potion of mutation]
 12524 | Lair:2   | Lost mutation: You are frail. (-10% HP) [potion of mutation]
 12524 | Lair:2   | Lost mutation: Your flesh is heat resistant. (rF+) [potion of mutation]
 12524 | Lair:2   | Gained mutation: You are clumsy. (Dex -2) [potion of mutation]
 12524 | Lair:2   | Gained mutation: You are partially covered in iridescent scales. (AC +2) [potion of mutation]
 12524 | Lair:2   | Gained mutation: You have a pair of small antennae on your head. [potion of mutation]
 12524 | Lair:2   | Gained mutation: You are robust. (+10% HP) [potion of mutation]
 12525 | Lair:2   | Lost mutation: You are clumsy. (Dex -2) [potion of mutation]
 12525 | Lair:2   | Lost mutation: You are partially covered in iridescent scales. (AC +2) [potion of mutation]
 12525 | Lair:2   | Lost mutation: You have a pair of small antennae on your head. [potion of mutation]
 12525 | Lair:2   | Lost mutation: You are robust. (+10% HP) [potion of mutation]
 12525 | Lair:2   | Gained mutation: Your magical capacity is low. (-10% MP) [potion of mutation]
 12525 | Lair:2   | Gained mutation: Your body sometimes deteriorates upon taking damage. [potion of mutation]
 12525 | Lair:2   | Gained mutation: Your spells are a little harder to cast, but a little more powerful. [potion of mutation]
 12531 | Lair:2   | Noticed an ice dragon
 12576 | Lair:2   | Killed an ice dragon
 12605 | Lair:2   | Reached skill level 10 in Fighting
 12678 | Lair:2   | Noticed an eight-headed hydra
 12686 | Lair:2   | Killed an eight-headed hydra
 12687 | Lair:2   | Found a staircase to the Snake Pit.
 12694 | Lair:2   | Gained mutation: You are dopey. (Int -2) [Ru sacrifice]
 12928 | Lair:2   | Noticed a five-headed hydra
 12935 | Lair:2   | Killed a five-headed hydra
 12935 | Lair:2   | Reached XP level 13. HP: 66/72 MP: 12/12
 13971 | Lair:3   | Reached skill level 10 in Short Blades
 14212 | Lair:4   | Reached skill level 10 in Shields
 14264 | Lair:4   | Noticed Snorg
 14274 | Lair:4   | Killed Snorg
 14430 | Lair:4   | Gained mutation: You are weak. (Str -2) [Ru sacrifice]
 14430 | Lair:4   | Reached ***** piety under Ru
 14454 | Lair:4   | Found an opulent altar of Gozag.
 15582 | Lair:5   | Identified the +1 chain mail "Rutat" {+Fly rC- Dex+7} (You found it on level 5 of the Lair of Beasts)
 15778 | Lair:6   | Entered Level 6 of the Lair of Beasts
 15877 | Lair:5   | Gained mutation: You are very dopey. (Int -4) [Ru sacrifice]
 15922 | Lair:6   | Reached XP level 14. HP: 72/77 MP: 13/13
 15964 | Lair:6   | Noticed Nessos
 15975 | Lair:6   | Killed Nessos
 16070 | Lair:6   | Reached skill level 10 in Armour
 16618 | Lair:6   | Reached skill level 10 in Dodging
 16779 | Lair:6   | Found a viscous altar of Jiyva.
 16780 | Lair:6   | Found a staircase to the Slime Pits.
 17452 | D:12     | Gained mutation: You cannot read scrolls while threatened. [Ru sacrifice]
 17452 | D:12     | Reached ****** piety under Ru
 17453 | D:12     | Fell from the grace of Ru
 17679 | Temple   | Became a worshipper of Uskayaw the Reveler
 17777 | D:7      | Reached * piety under Uskayaw
 17782 | D:7      | Reached ** piety under Uskayaw
 17896 | Orc:1    | Entered Level 1 of the Orcish Mines
 18119 | Orc:1    | Reached skill level 1 in Invocations
 18194 | Orc:1    | Reached *** piety under Uskayaw
 18196 | Orc:1    | Reached **** piety under Uskayaw
 18200 | Orc:1    | Reached ***** piety under Uskayaw
 18387 | Orc:2    | Entered Level 2 of the Orcish Mines
 18472 | Orc:2    | Found Pathool's Weapon Shop.
 18519 | Orc:2    | Found a staircase to the Elven Halls.
 18775 | Orc:2    | Reached ****** piety under Uskayaw
 18906 | Orc:2    | Paralysed by an orc sorcerer for 5 turns
 19109 | Orc:1    | Reached XP level 15. HP: 65/83 MP: 15/15
 19285 | Orc:2    | Noticed an orc warlord
 19319 | Orc:2    | Killed an orc warlord
 19327 | Orc:2    | Found a roughly hewn altar of Beogh.
 19328 | Orc:2    | Found Ihat's Antique Weapon Boutique.
 19481 | Orc:2    | Found Qicuxeah's Book Boutique.
 19496 | Orc:2    | Found Vieczoge's Antique Armour Boutique.
 19503 | Orc:2    | Bought a fine scale mail for 324 gold pieces
 19503 | Orc:2    | Identified the +1 scale mail "Ytidutsa" {rPois Regen+} (You bought it in a shop on level 2 of the Orcish Mines)
 19522 | Orc:2    | Found Vasiq's General Store.
 19918 | D:12     | Noticed Inarius's ghost (journeyman DrAE)
 20048 | Shoals:1 | Entered Level 1 of the Shoals
 20240 | Shoals:1 | Lost intelligence.
 20241 | Shoals:1 | HP: 4/83 [merfolk/halberd (3)]
 20241 | Shoals:1 | Mangled by a merfolk impaler

Skill      XL: |  1  2  3  4  5  6  7  8  9 10 11 12 13 14 15 |
---------------+----------------------------------------------+-----
Short Blades   | 2 3 4 5 8 9 10 11 | 11.5
Fighting       | 3 4 5 6 7 9 10 11 | 11.5
Shields        | 3 4 5 8 7 9 10 11 | 11.2
Armour         | 3 4 5 8 7 9 10 | 10.7
Dodging        | 1 2 3 7 6 8 9 10 | 10.3
Invocations    | 2 3 |  3.0

Action                   |  1- 3 |  4- 6 |  7- 9 | 10-12 | 13-15 || total
-------------------------+-------+-------+-------+-------+-------++-------
Melee: Rapier            |    86 |   111 |    32 |       |  1220 ||  1449
       Bite              |    25 |    57 |   217 |   781 |   433 ||  1513
       Dagger            |    11 |    40 |   620 |  1904 |   104 ||  2679
       Short sword       |       |       |       |    79 |       ||    79
Invok: Sacrifice Experie |       |       |     1 |       |       ||     1
       Sacrifice Arcana  |       |       |       |     1 |       ||     1
       Sacrifice an Eye  |       |       |       |     1 |       ||     1
       Sacrifice Purity  |       |       |       |     1 |     2 ||     3
       Draw Out Power    |       |       |       |     1 |       ||     1
       Apocalypse        |       |       |       |       |     2 ||     2
       Sacrifice Words   |       |       |       |       |     1 ||     1
       Renounce Religion |       |       |       |       |     1 ||     1
Evoke: Wand              |       |       |       |       |     3 ||     3
  Use: Scroll            |       |       |       |    16 |    12 ||    28
       Potion            |       |       |       |     4 |     8 ||    12
 Stab: Invisible         |       |       |       |     3 |     6 ||     9
       Distracted        |       |       |       |     1 |     6 ||     7
       Paralysed         |       |       |       |       |    25 ||    25
  Eat: Chunk             |       |     3 |    16 |    22 |    23 ||    64
       Royal jelly       |       |       |       |     1 |     1 ||     2
Armor: Scale mail        |    37 |    50 |    94 |       |    16 ||   197
       Plate armour      |       |       |    87 |   589 |   334 ||  1010
       Chain mail        |       |       |    31 |       |       ||    31
Dodge: Dodged            |    24 |    54 |   150 |   374 |   325 ||   927
Block: Shield            |    54 |    81 |   234 |   778 |   960 ||  2107
       Reflection        |       |       |       |       |    21 ||    21
